 Dungeon Crawl Stone Soup version 0.14-a0-2080-ge317583 (webtiles) character file.

167 Piginabag the Skirmisher (level 4, -1/41 HPs)
             Began as a Draconian Chaos Knight on Jan 24, 2014.
             Was a Plaything of Xom.
             Slain by a warg (6 damage)
             ... on Level 3 of the Dungeon.
             The game lasted 00:04:55 (2553 turns).

Piginabag the Skirmisher (Draconian Chaos Knight)   Turns: 2553, Time: 00:04:56

HP  -1/41        AC  5     Str 15      XL: 4   Next: 39%
MP   4/4         EV 12     Int 12      God: Xom
Gold 72          SH  0     Dex 11      Spells:  0 memorised,  3 levels left

rFire  . . .     SeeInvis .     a - -1,+0 orc falchion
rCold  . . .     Clarity  +     (armour unavailable)
rNeg   . . .     Conserve .     (no shield)
rPois  .         rCorr    .     (helmet restricted)
rElec  .         rRot     .     (no cloak)
SustAb . .       Spirit   .     (no gloves)
rMut   .         Warding  .     (no boots)
Saprov . . .     Stasis   .     (no amulet)
MR     .....                    (no ring)
                                (no ring)

@: mildly poisoned, not resistant to hostile enchantments, unstealthy
A: unfitting armour, horns 1, clarity, AC +5
a: Renounce Religion


You were on level 3 of the Dungeon.
You worshipped Xom.
You were a special plaything of Xom.
You were hungry.

You visited 1 branch of the dungeon, and saw 3 of its levels.

You collected 72 gold pieces.

Inventory:

Hand weapons
 a - a -1,+0 orcish falchion (weapon)
Comestibles
 c - 2 bread rations
 h - 3 chunks of orc flesh
 o - a cheese
 q - a chunk of adder flesh
Scrolls
 b - a scroll of identify {unknown}
 e - a scroll of enchant weapon I {unknown}
 f - a scroll of blinking
 g - 3 scrolls of remove curse
 i - 3 scrolls of teleportation
Jewellery
 j - an uncursed amulet of stasis
 p - an uncursed amulet of resist mutation {unknown}
Potions
 k - a potion of poison {unknown}
 l - a potion of curing
 m - a potion of brilliance {unknown}
 n - a potion of flight {unknown}


   Skills:
 + Level 4.5 Fighting
   Level 4.4 Polearms
 - Level 2.1 Dodging


You had 3 spell levels left.
You didn't know any spells.

Dungeon Overview and Level Annotations

Branches:
Dungeon (3/16)

Altars:
Elyvilon
Xom


Innate Abilities, Weirdness & Mutations

Your plain brown scales are hard (AC +5).
Your body does not fit into most forms of armour.
Your cold-blooded metabolism reacts poorly to cold.
You have a pair of small horns on your head.
You possess an exceptional clarity of mind.


Message History

Okay, then.
You aren't carrying any items that can be evoked.
You see here 13 stones.
You feel sick.
You feel sick.
You feel sick.
You feel sick.
You feel sick.
The warg stops to sniff the ground.
You feel sick.
You feel sick. The warg bites you!
* * * LOW HITPOINT WARNING * * *
The warg completely misses you.
* * * LOW HITPOINT WARNING * * *
You feel sick.
The warg's inner flame fades away.
You remove your amulet of stasis.
* * * LOW HITPOINT WARNING * * *
You feel sick. The warg bites you.
You die...
Xom is highly amused!

# #..# # #..# ## ##..#
.# #...# .## ##...# ..##
##...## #..### ###....#
##...############.....##
###............@hl..##
###########.##.##..###
..................##
##########.........##
##..###^###..##
#..###.#.###..#
#.##≈#..≈♣≈##.##
#.#.....♣≈≈##..#
#...♣_._....^..#


You could see a warg and a giant newt (inner flame).

Vanquished Creatures
  4 adders
  A worm (D:3)
  3 giant geckos (D:1)
  4 orcs (D:3)
  4 bats
  4 giant cockroaches
  8 hobgoblins
  7 kobolds
  A ball python (D:2)
  3 giant newts
  7 goblins
  5 rats
51 creatures vanquished.

Vanquished Creatures (others)
  A giant gecko zombie (D:1)
1 creature vanquished.

Grand Total: 52 creatures vanquished

Notes
Turn   | Place    | Note
--------------------------------------------------------------
     0 | D:1      | Piginabag, the Draconian Chaos Knight, began the quest for the Orb.
     0 | D:1      | Reached XP level 1. HP: 19/19 MP: 1/1
   140 | D:1      | Reached XP level 2. HP: 19/26 MP: 2/2
   409 | D:1      | XOM: divination: detect items
   849 | D:1      | XOM: give mutations
   849 | D:1      | Gained mutation: You have a pair of small horns on your head. [Xom's grace]
   849 | D:1      | Gained mutation: You possess an exceptional clarity of mind. [Xom's grace]
   889 | D:1      | XOM: medium Fire miscast
  1175 | D:1      | XOM: mild Hex miscast
  1198 | D:1      | XOM: noise
  1260 | D:1      | Reached XP level 3. HP: 30/33 MP: 3/3
  1502 | D:2      | Reached skill level 4 in Fighting
  1585 | D:2      | Found a white marble altar of Elyvilon.
  2012 | D:2      | XOM: scenery: 1 doors close
  2084 | D:2      | XOM: harmless Trmt miscast
  2325 | D:3      | XOM: god gift: 45 gold pieces
  2337 | D:3      | Reached XP level 4. HP: 32/40 MP: 4/4
  2433 | D:3      | Found a shimmering altar of Xom.
  2446 | D:3      | Found a shimmering altar of Xom.
  2458 | D:3      | Found a shimmering altar of Xom.
  2519 | D:3      | Noticed a warg
  2519 | D:3      | an orc priest changed into a warg
  2519 | D:3      | XOM: polymorph orc priest -> warg
  2523 | D:3      | XOM: swap weapons
  2537 | D:3      | XOM: inner flame monster(s)
  2553 | D:3      | Slain by a warg

Action                   |  1- 3 |  4- 6 || total
-------------------------+-------+-------++-------
Melee: Spear             |   126 |    19 ||   145
       Falchion          |       |     4 ||     4
  Use: Scroll            |     6 |       ||     6
       Potion            |       |     2 ||     2
